 Dungeon Crawl Stone Soup version 0.30.1-11-g7821555f0a (webtiles) character file.

Game seed: 13689403271465682863

611 Okkudo the Cleaver (level 7, -3/63 HPs)
             Began as a Hill Orc Monk on Dec 5, 2023.
             Was a Believer of Beogh.
             Slain by an iguana (9 damage)
             ... on level 5 of the Dungeon.
             The game lasted 00:17:25 (3893 turns).

Okkudo the Cleaver (Hill Orc Monk)                  Turns: 3893, Time: 00:17:25

Health: -3/63      AC: 10    Str: 16    XL:     7   Next: 44%
Magic:  7/7        EV:  7    Int: 10    God:    Beogh [**....]
Gold:   212        SH:  5    Dex: 13    Spells: 6/6 levels left

rFire   . . .        b - +0 war axe
rCold   . . .        h - +0 buckler
rNeg    . . .        e - +0 chain mail
rPois   +            (no helmet)
rElec   .            g - +0 cloak
rCorr   .            l - +0 pair of gloves
SInv    .            (no boots)
Will    .....        (no amulet) Stlth
                     n - ring of poison resistance
HPRegen 0.30/turn    p - ring of flight
MPRegen 0.10/turn

%: no passive effects
@: flying
A: no striking features
a: Renounce Religion, Smiting


You were on level 5 of the Dungeon.
You worshipped Beogh.
Beogh was pleased with you.
You visited 1 branch of the dungeon, and saw 5 of its levels.

You collected 212 gold pieces.

Inventory:

Hand Weapons
 b - a +0 war axe (weapon)
Armour
 e - a +0 chain mail (worn)
 g - a +0 cloak (worn)
 h - a +0 buckler (worn)
 l - a +0 pair of gloves (worn)
Jewellery
 n - a ring of poison resistance (left hand)
 p - a ring of flight (right hand)
Scrolls
 a - a scroll of noise
 m - a scroll of teleportation
 q - a scroll of immolation
Potions
 c - a potion of ambrosia
 d - a potion of degeneration {unknown}
 f - a potion of brilliance {unknown}
 i - a potion of resistance {unknown}
 j - a potion of haste {unknown}
 k - 2 potions of heal wounds {unknown}
 o - 2 potions of flight {unknown}


   Skills:
 + Level 6.0 Fighting
 * Level 8.4 Axes
 - Level 2.4 Dodging
 + Level 3.6 Shields


You had 6 spell levels left.
You didn't know any spells.
Your spell library contained the following spells:

 Spells                   Type           Power      Damage    Failure   Level
 Freeze                   Ice            0%         1d3       100%        1
 Slow                     Hex            0%         N/A       100%        1
 Sublimation of Blood     Necr           0%         N/A       100%        2
 Wereblood                Tmut           0%         N/A       100%        2
 Confusing Touch          Hex            0%         N/A       100%        3
 Frozen Ramparts          Ice            0%         1d1       100%        3
 Hailstorm                Conj/Ice       0%         3d3       100%        3
 Inner Flame              Hex/Fire       0%         N/A       100%        3
 Vampiric Draining        Necr           0%         2d6       100%        3
 Yara's Violent Unravell  Hex/Tmut       0%         3d3       100%        5
 Enfeeble                 Hex            0%         N/A       100%        7
 Summon Hydra             Summ           0%         N/A       100%        7


Dungeon Overview and Level Annotations

Branches:
Dungeon (5/15)
 Temple: D:4-7

Altars:
Elyvilon
Gozag
Kikubaaqudgha
Qazlal
Xom
Yredelemnul
Zin

Annotations:
D:3 2 transporters, Menkaure


Message History

You are poisoned.
The adder poisons you! The adder bites you but does no damage.
You slash the adder!
The adder is severely wounded.
You feel sick. The adder completely misses you.
You hit the adder.
You kill the adder!
Beogh accepts your kill.
You feel sick.
You hit the ogre but do no damage.
You feel sick.
You are no longer poisoned.
The ogre barely misses you.
You barely miss the ogre.
The ogre hits you with a +0 giant spiked club.
You slash the ogre!
The ogre is moderately wounded.
The ogre hits you with a +0 giant spiked club.
You hit the ogre.
The ogre is moderately wounded.
You hit the ogre.
The ogre is moderately wounded.
The ogre barely misses you.
You slash the ogre!
The ogre is heavily wounded.
The ogre completely misses you.
You hit the ogre.
The ogre is severely wounded.
The ogre hits you but does no damage.
You hit the ogre.
The ogre is severely wounded.
You barely miss the ogre.
The ogre is severely wounded.
The ogre hits you with a +0 giant spiked club!!
* * * LOW HITPOINT WARNING * * *
You slash the ogre!
You kill the ogre!
Beogh accepts your kill.
Your Fighting skill increases to level 6!
You closely miss the iguana. The iguana bites you!
You die...

#.#.#.# #.#.#.#
#.#.#.# #.#.#.# #
#.#.#.# .#
#.....########.#####
###.###.............
#.# #.####.....##
#.# #@# #.l....#
#.###l###.##...#
#....†....# ......
#####.##### .####
#... .# ##### #


You could see an iguana.

Vanquished Creatures
  A black bear (D:3)
  An ogre (D:5)
  A scorpion (D:4)
  2 hounds
  An orc priest (D:4)
  Crazy Yiuf (D:4)
  An iguana (D:5)
  An orc wizard (D:3)
  3 gnolls (D:2)
  8 adders
  A shadow imp (D:4)
  An ufetubus (D:5)
  A worm (D:2)
  3 dart slugs
  7 orcs
  3 ball pythons
  A bat (D:3)
  5 endoplasms
  2 giant cockroaches (D:4)
  11 goblins
  5 hobgoblins
  6 jackals
  5 quokkas
  5 frilled lizards
  9 kobolds
  6 rats
91 creatures vanquished.

Vanquished Creatures (others)
  An orc wizard (D:4)
  2 orcs (D:4)
  A butterfly (D:3)
4 creatures vanquished.

Grand Total: 95 creatures vanquished

Notes
Turn   | Place    | Note
-------+----------+-------------------------------------------
     0 | D:1      | Okkudo the Hill Orc Monk began the quest for the Orb.
     0 | D:1      | Reached XP level 1. HP: 19/19 MP: 1/1
   132 | D:1      | Reached XP level 2. HP: 24/27 MP: 2/2
   277 | D:1      | Reached skill level 5 in Axes
   283 | D:1      | Reached XP level 3. HP: 16/33 MP: 3/3
  1169 | D:2      | Reached XP level 4. HP: 41/41 MP: 4/4
  1196 | D:2      | Reached skill level 1 in Shields
  1312 | D:2      | Reached skill level 6 in Axes
  1374 | D:2      | Reached XP level 5. HP: 39/47 MP: 5/5
  1732 | D:3      | Found a stormy altar of Qazlal.
  1796 | D:3      | Found a basalt altar of Yredelemnul.
  1799 | D:3      | Noticed Menkaure
  1817 | D:3      | Found an ancient bone altar of Kikubaaqudgha.
  1835 | D:3      | Found a transporter.
  1837 | D:3      | Found a transporter.
  1838 | D:3      | Noticed a black bear
  1908 | D:3      | Killed a black bear
  1909 | D:3      | Reached skill level 5 in Fighting
  1978 | D:3      | Reached skill level 7 in Axes
  1978 | D:3      | Reached XP level 6. HP: 49/56 MP: 6/6
  2002 | D:3      | Found a white marble altar of Elyvilon.
  2507 | D:4      | Found an opulent altar of Gozag.
  2511 | D:4      | Found a shimmering altar of Xom.
  2659 | D:4      | Found a glowing silver altar of Zin.
  2876 | D:4      | Became a worshipper of Beogh the Brigand
  2876 | D:4      | Reached * piety under Beogh
  2876 | D:4      | Reached ** piety under Beogh
  3541 | D:4      | Found a runed translucent door.
  3542 | D:4      | Noticed Crazy Yiuf
  3553 | D:4      | Killed Crazy Yiuf
  3554 | D:4      | Reached XP level 7. HP: 46/62 MP: 7/7
  3803 | D:5      | Entered Level 5 of the Dungeon
  3816 | D:5      | Reached skill level 8 in Axes
  3893 | D:5      | Slain by an iguana

Illustrated notes

Levels and vault maps discovered:
D:1:      nicolae_arrival_memento_mori, layout_basic, serial_forest,
          infiniplex_forest_zigzag_2, infiniplex_forest_pool,
          infiniplex_forest_end_1, infiniplex_forest_diagonal,
          solitary_fountain, minivault_19, minmay_misc_feat_more_columns,
          minivault_4
D:2:      layout_rooms
D:3:      layout_loops_ring, nicolae_elyvilon_peaceful_grove,
          nicolae_qazlal_general_emergency, gammafunk_temple_of_torment
D:4:      cheibrodos_pilgrimage, layout_rooms, mainiacjoe_overflow_24_doors,
          mainiacjoe_overflow_large_starburst, lemuel_flame_loot_1,
          uniq_crazy_yiuf_cottage
D:5:      layout_loops_corners, overflow_temple_1_default, uniq_grinder,
          uniq_blork_the_orc

Skill      XL: |  1  2  3  4  5  6  7 |
---------------+----------------------+-----
Fighting       | 4 5 6 |  6.0
Axes           | 5 6 7 8 |  8.4
Shields        | 1 2 3 |  3.6
Dodging        | |  2.4

Action                     |  1- 3 |  4- 6 |  7- 9 || total
---------------------------+-------+-------+-------++-------
  Melee: Hand axe          |    64 |       |       ||    64
         War axe           |    26 |   189 |    41 ||   256
 Invoke: Convert to Beogh  |       |     1 |       ||     1
    Use: Scroll            |       |     3 |       ||     3
 Armour: Robe              |     6 |       |       ||     6
         Chain mail        |    27 |   123 |    22 ||   172
  Dodge: Dodged            |    36 |    77 |    17 ||   130
  Block: Buckler           |     4 |    41 |     6 ||    51
